 Dungeon Crawl Stone Soup version 0.20-a0-1018-ge435b50 (webtiles) character file.

25697 esteth the Grappler (level 12, -12/126 HPs)
             Began as a Troll Monk on Apr 14, 2017.
             Was the Champion of Ru.
             Mangled by an 11-headed hydra (13 damage)
             ... on level 5 of the Lair of Beasts on Apr 17, 2017.
             The game lasted 00:38:50 (14203 turns).

esteth the Grappler (Troll Monk)                   Turns: 14203, Time: 00:38:50

Health: -12/126    AC: 11    Str: 19 (22) XL:     12   Next: 91%
Magic:  6/11       EV:  8    Int:  2 (4)  God:    Ru [******]
Gold:   825        SH: 16    Dex: 14 (16) Spells: 11/11 levels left

rFire    . . .     SeeInvis +     - Unarmed
rCold    . . .     Gourm    +   g - +0 large shield
rNeg     . . .     Faith    .   j - +0 swamp dragon scales
rPois    +         Spirit   .   (helmet restricted)
rElec    .         Reflect  .   x - +0 cloak
rCorr    .         Harm     .   (gloves unavailable)
MR       .....                  (boots unavailable)
Stlth    +.........             (no amulet)
Regen    0.8/turn               n - ring of see invisible
MPRegen  0.2/turn               S - +3 ring of slaying

@: exhausted
A: unfitting armour, claws 3, dopey 1, fast metabolism 3, gourmand, regeneration
1, shaggy fur 1, tough skin 2, inability to use devices, hated by all, inability
to train armour, no conjurations magic, no earth magic, no necromancy magic,
magic vulnerability 1
a: Draw Out Power, Power Leap, Apocalypse, Renounce Religion


You were on level 5 of the Lair of Beasts.
You worshipped Ru.
Ru was exalted by your worship.
You were completely stuffed.

You visited 3 branches of the dungeon, and saw 17 of its levels.
You also visited: Ice Cave.

You collected 825 gold pieces.

Inventory:

Missiles
 q - 2 silver tomahawks
 u - 8 exploding tomahawks
 w - 16 tomahawks
 R - 5 javelins (quivered)
Armour
 a - a +0 robe
 g - a +0 large shield (worn)
 j - +0 swamp dragon scales (worn)
 x - a +0 cloak (worn)
Jewellery
 n - a ring of see invisible (left claw)
 D - an uncursed amulet of faith
 N - a +4 ring of intelligence
 S - a +3 ring of slaying (right claw)
Scrolls
 c - 12 scrolls of identify
 e - 5 scrolls of teleportation
 h - a scroll of recharging
 i - 2 scrolls of fear
 k - 5 scrolls of remove curse
 m - 2 scrolls of fog {unknown}
 p - 5 scrolls of magic mapping {unknown}
 r - a scroll of noise {unknown}
 v - a scroll of amnesia {unknown}
 y - a scroll of acquirement {unknown}
 C - a scroll of blinking {unknown}
 F - 2 scrolls of enchant weapon {unknown}
 J - 5 scrolls of vulnerability {unknown}
 M - 2 scrolls of enchant armour {unknown}
Potions
 d - 2 potions of brilliance
 l - a potion of invisibility
 E - 2 potions of agility
 G - 3 potions of flight
 I - 3 potions of haste
 O - 6 potions of heal wounds {unknown}
Books
 o - a book of Flames

   Spells                             Type                      Level
   a - Flame Tongue                   Conjuration/Fire             1
   b - Throw Flame                    Conjuration/Fire             2
   c - Conjure Flame                  Conjuration/Fire             3
   d - Inner Flame                    Hexes/Fire                   3
   e - Sticky Flame                   Conjuration/Fire             4
   f - Fireball                       Conjuration/Fire             5
 z - a book of Beasts

   Spells                             Type                      Level
   a - Summon Butterflies             Summoning                    1
   b - Call Canine Familiar           Summoning                    3
   c - Summon Ice Beast               Ice/Summoning                4
   d - Summon Mana Viper              Hexes/Summoning              5
   e - Summon Hydra                   Summoning                    7
 K - a book of Geomancy

   Spells                             Type                      Level
   a - Sandblast                      Earth                        1
   b - Passwall                       Transmutation/Earth          2
   c - Stone Arrow                    Conjuration/Earth            3
   d - Petrify                        Transmutation/Earth          4
   e - Lee's Rapid Deconstruction     Earth                        5
 L - a book of Misfortune

   Spells                             Type                      Level
   a - Confusing Touch                Hexes                        1
   b - Confuse                        Hexes                        3
   c - Gell's Gravitas                Translocation                3
   d - Petrify                        Transmutation/Earth          4
   e - Metabolic Englaciation         Hexes/Ice                    5
   f - Yara's Violent Unravelling     Hexes/Transmutation          5
 P - a book of Air

   Spells                             Type                      Level
   a - Shock                          Conjuration/Air              1
   b - Swiftness                      Charms/Air                   2
   c - Static Discharge               Conjuration/Air              3
   d - Airstrike                      Air                          4
   e - Lightning Bolt                 Conjuration/Air              5
Comestibles
 b - 10 bread rations
 f - 16 royal jellies
 s - 6 meat rations
 t - 15 chunks of flesh
 B - 14 fruits


   Skills:
 - Level 10.2 Fighting
 - Level 6.6 Throwing
 - Level 3.2 Dodging
 - Level 2.1 Stealth
 + Level 9.1 Shields
 - Level 12.3 Unarmed Combat


You had 11 spell levels left.
You didn't know any spells.

Dungeon Overview and Level Annotations

Branches:
Dungeon (11/15)            Temple (1/1) D:5            Lair (5/6) D:8
  Swamp (0/4) Lair:4       Spider (0/4) Lair:2          Orc (0/2) D:10
  Slime: Lair:5-6

Altars:
Ashenzari
Cheibriados
Dithmenos
Elyvilon
Fedhas
Gozag
Hepliaklqana
Kikubaaqudgha
Makhleb
Nemelex Xobeh
Okawaru
Qazlal
Ru
Sif Muna
Trog
Uskayaw
Vehumet
Wu Jian
Xom
Yredelemnul
Zin
The Shining One

Shops:
D:4 (

Annotations:
Lair:1 exclusion: hydra


Innate Abilities, Weirdness & Mutations

You are too large for most types of armour.
You have claws for hands.
You are dopey. (Int -2)
Your metabolism is lightning-fast.
You like to eat raw meat.
Your natural rate of healing is unusually fast.
You are covered in fur. (AC +1)
You have very tough skin. (AC +2)
You cannot study or use magical devices.
You are hated by all.
You cannot train Armour skill.
You cannot study or cast Conjurations magic.
You cannot study or cast Earth magic.
You cannot study or cast Necromancy magic.
You are slightly vulnerable to magic. (MR-)


Message History

You block the ten-headed hydra's attack.
The ten-headed hydra closely misses you.
The ten-headed hydra bites you.
* * * LOW HITPOINT WARNING * * *
The ten-headed hydra barely misses you.
You rip one of the ten-headed hydra's heads off!
The nine-headed hydra grows two more!
You claw the 11-headed hydra!
The 11-headed hydra is heavily wounded.
The 11-headed hydra bites you but does no damage.
The 11-headed hydra bites you!
* * * LOW HITPOINT WARNING * * *
You focus your will and blind the 11-headed hydra in retribution!
The 11-headed hydra bites you but does no damage.
The 11-headed hydra bites you!
* * * LOW HITPOINT WARNING * * *
The 11-headed hydra bites you!
* * * LOW HITPOINT WARNING * * *
You focus your will and illuminate the 11-headed hydra in retribution!
The 11-headed hydra bites you!
You die...

..#...#.....P....#.#####
..#..#.....#......##.#....
8.........#...†..#......#
.#...............#.......
.. ......#............#
#.##.#.[......#.##.. #
#.#.....###....#####.###
......#..#.....#.P##..P.
#....D@................
+...8!.................
#......................
#.#.##.................
#.......#........P.##.##
#.###.####.#.....#.##### #
## #.#.......## .
.#........ . ..#......


You could see a 11-headed hydra (blind).

Vanquished Creatures
  Josephine (Lair:4)
  3 hydras
  2 two-headed ogres
  A swamp dragon (Lair:4)
  A black mamba (Lair:4)
  5 elephants (Lair:4)
  7 spiny frogs
  2 rime drakes
  A polar bear (Lair:4)
  2 trolls
  A hornet (D:9)
  Prince Ribbit (D:7)
  4 blink frogs
  A hippogriff (D:6)
  5 wraiths (Lair:4)
  39 yaks
  A basilisk (Lair:4)
  The ghost of Malvoorn the Skirmisher, an amateur OpFi (D:3)
  Menkaure (D:5)
  4 water moccasins
  2 soldier ants (D:8)
  5 porcupines
  4 orc warriors
  3 phantoms
  3 ice beasts
  3 sky beasts
  2 black bears
  A necrophage (D:6)
  6 ogres
  3 centaurs
  6 wolves
  6 crocodiles
  A big kobold (D:9)
  9 bullfrogs
  A wyvern zombie (D:10)
  A water moccasin zombie (D:8)
  3 scorpions
  22 killer bees
  2 howler monkeys
  An electric eel (Lair:4)
  2 crimson imps (D:5)
  2 quasits
  2 bullfrog skeletons
  4 hounds
  2 jellies
  4 orc priests
  3 centaur skeletons
  8 orc wizards
  5 iguanas
  A gnoll shaman (D:8)
  15 worker ants
  A killer bee zombie (D:8)
  3 gnolls (D:8)
  17 adders
  2 shadow imps
  2 oozes
  An adder skeleton (D:4)
  2 worms
  3 dart slugs
  A leopard gecko (D:6)
  27 orcs
  A ball python (D:7)
  7 giant cockroaches
  4 hobgoblins
  5 jackals
  13 kobolds
  5 quokkas
  7 bats
  3 frilled lizards
  3 goblins
  7 rats
  6 fungi
  A plant (Lair:4)
336 creatures vanquished.

Vanquished Creatures (others)
  2 polar bears (IceCv)
  A hippogriff (Lair:4)
  A yak (IceCv)
  A wolf (IceCv)
  2 fungi (Lair:4)
7 creatures vanquished.

Grand Total: 343 creatures vanquished

Notes
Turn   | Place    | Note
-------+----------+-------------------------------------------
     0 | D:1      | esteth the Troll Monk began the quest for the Orb.
     0 | D:1      | Reached XP level 1. HP: 23/23 MP: 0/0
   172 | D:1      | Reached skill level 1 in Unarmed Combat
   342 | D:1      | Found a blossoming altar of Fedhas.
   344 | D:1      | Found a snail-covered altar of Cheibriados.
   344 | D:1      | Found a shimmering altar of Xom.
   346 | D:1      | Found a white marble altar of Elyvilon.
   346 | D:1      | Found a glowing golden altar of the Shining One.
   346 | D:1      | Found a shimmering altar of Xom.
   467 | D:1      | Reached XP level 2. HP: 31/31 MP: 1/1
   774 | D:2      | Reached skill level 2 in Unarmed Combat
   966 | D:2      | Reached XP level 3. HP: 37/37 MP: 2/2
   967 | D:2      | Reached skill level 3 in Unarmed Combat
  1005 | D:2      | Found a faded altar of an unknown god.
  1322 | D:3      | Reached XP level 4. HP: 44/45 MP: 3/3
  1370 | D:3      | Found a shattered altar of Ashenzari.
  1450 | D:3      | Reached skill level 4 in Unarmed Combat
  1579 | D:3      | Noticed Malvoorn's ghost (amateur OpFi)
  1614 | D:3      | Killed Malvoorn's ghost
  1614 | D:3      | Reached skill level 5 in Unarmed Combat
  1614 | D:3      | Reached XP level 5. HP: 22/53 MP: 4/4
  1668 | D:3      | Reached skill level 6 in Unarmed Combat
  1668 | D:3      | Reached XP level 6. HP: 51/61 MP: 5/5
  1728 | D:3      | Found an ancient bone altar of Kikubaaqudgha.
  2145 | D:4      | Upgraded the game from 0.20-a0-1008-g0de3dc5 to 0.20-a0-1018-ge435b50
  2204 | D:4      | Found a shimmering altar of Xom.
  2511 | D:4      | Found Garhoej's Weapon Emporium.
  2555 | D:4      | Reached XP level 7. HP: 69/70 MP: 6/6
  2579 | D:4      | Reached skill level 1 in Armour
  3351 | D:5      | Entered Level 5 of the Dungeon
  3538 | D:5      | Noticed Menkaure
  3546 | D:5      | Killed Menkaure
  3546 | D:5      | Reached XP level 8. HP: 78/78 MP: 7/7
  3620 | D:5      | Reached skill level 7 in Unarmed Combat
  3704 | D:5      | Found a staircase to the Ecumenical Temple.
  3751 | Temple   | Entered the Ecumenical Temple
  3879 | Temple   | Became a worshipper of Ru the Awakened
  3901 | Temple   | Gained mutation: You cannot study or use magical devices. [Ru sacrifice]
  3901 | Temple   | Reached * piety under Ru
  3901 | Temple   | Reached ** piety under Ru
  4268 | D:5      | Reached skill level 8 in Unarmed Combat
  4477 | D:6      | Found a sparkling altar of Nemelex Xobeh.
  4519 | D:6      | Reached skill level 9 in Unarmed Combat
  4584 | D:6      | Noticed a hippogriff
  4599 | D:6      | Killed a hippogriff
  4599 | D:6      | Reached XP level 9. HP: 29/84 MP: 8/8
  4989 | D:6      | Reached skill level 1 in Shields
  5186 | D:7      | Noticed Prince Ribbit
  5203 | D:7      | Found an opulent altar of Gozag.
  5497 | D:7      | Killed Prince Ribbit
  5953 | D:7      | Gained mutation: You are hated by all. [Ru sacrifice]
  5953 | D:7      | Reached *** piety under Ru
  6172 | D:8      | Reached skill level 10 in Unarmed Combat
  6235 | D:8      | Noticed a two-headed ogre
  6240 | D:8      | Killed a two-headed ogre
  6483 | D:8      | Reached XP level 10. HP: 100/100 MP: 9/9
  6550 | D:8      | Reached skill level 5 in Shields
  6973 | D:8      | Found a staircase to the Lair.
  7171 | D:9      | Found a stormy altar of Qazlal.
  7609 | D:9      | Gained mutation: You are dopey. (Int -2) [Ru sacrifice]
  7819 | D:9      | Found an opulent altar of Gozag.
  8226 | D:9      | Noticed a two-headed ogre
  8236 | D:9      | Killed a two-headed ogre
  8236 | D:9      | Reached XP level 11. HP: 90/107 MP: 10/10
  8275 | D:10     | Entered Level 10 of the Dungeon
  9147 | D:10     | Found a staircase to the Orcish Mines.
  9201 | D:11     | Reached skill level 11 in Unarmed Combat
  9267 | D:11     | Noticed a white ugly thing
  9285 | D:11     | HP: 4/107 [white ugly thing (14)]
  9516 | Lair:1   | Entered Level 1 of the Lair of Beasts
  9622 | Lair:1   | Reached skill level 1 in Throwing
  9687 | Lair:1   | Gained mutation: You cannot train Armour skill. [Ru sacrifice]
  9687 | Lair:1   | Reached **** piety under Ru
  9687 | Lair:1   | Reached ***** piety under Ru
 10022 | Lair:1   | Noticed a seven-headed hydra
 10125 | Lair:2   | Noticed a seven-headed hydra
 10144 | Lair:2   | Killed an eight-headed hydra
 10268 | Lair:2   | Found a hole to the Spider Nest.
 10355 | Lair:2   | Reached skill level 5 in Throwing
 10437 | Lair:2   | Found a frozen archway.
 10478 | IceCv    | Entered an ice cave
 10844 | Lair:2   | Noticed a six-headed hydra
 10855 | Lair:2   | Killed a ten-headed hydra
 11419 | Lair:3   | Gained mutation: You cannot study or cast Earth magic. [Ru sacrifice]
 11419 | Lair:3   | Gained mutation: You cannot study or cast Necromancy magic. [Ru sacrifice]
 11419 | Lair:3   | Gained mutation: You cannot study or cast Conjurations magic. [Ru sacrifice]
 11616 | Lair:3   | Reached XP level 12. HP: 76/118 MP: 6/11
 12521 | Lair:4   | Noticed Josephine
 12528 | Lair:4   | Noticed a five-headed hydra
 12533 | Lair:4   | Killed Josephine
 12844 | Lair:4   | Killed an eight-headed hydra
 12844 | Lair:4   | Reached skill level 10 in Fighting
 12953 | Lair:4   | Found a staircase to the Swamp.
 13254 | Lair:4   | Gained mutation: You are slightly vulnerable to magic. (MR-) [Ru sacrifice]
 13254 | Lair:4   | Reached ****** piety under Ru
 13554 | Lair:4   | Reached skill level 12 in Unarmed Combat
 14192 | Lair:5   | Noticed a four-headed hydra
 14203 | Lair:5   | HP: 1/126 [11-headed hydra (10)]
 14203 | Lair:5   | Mangled by an 11-headed hydra

Vault maps used:
D:1:      lemuel_arrival_lava_pool, doesnt_xom_only_xom
D:2:      chequers_ecumenical_altar_lobes, minmay_strange_pillars
D:3:      kiku_gazebo_garden_becter, evilmike_ruin_ashenzari, first_bread
D:4:      lemuel_crystal_altar, serial_shops, nicolae_shop_waterfront
D:5:      minmay_temple_entry_overgrown, grunt_decor_fettered, uniq_menkaure
D:6:      lemuel_crystal_altar
D:7:      basic_altar, hex_tiny, uniq_prince_ribbit1
D:8:      lair_entry_dummy, hangedman_pestilent_swarm
D:9:      basic_altar, nicolae_qazlal_general_emergency
D:10:     orc_0_dummy
D:11:     minmay_cornered_nines, st_stairs_5
Temple:   regret_index_temple_mists
Lair:2:   spider_nest_entry_web_field, portal_ice_cave_entry_pillars_1
Lair:3:   grunt_megastairs_2, lemuel_fruit_fields
Lair:4:   minmay_swamp_entry_reptiles, grunt_megastairs_5, uniq_josephine
Lair:5:   slime_altar_1, grunt_megastairs_1
IceCv:    ice_cave_caverns_02

Skill      XL: |  1  2  3  4  5  6  7  8  9 10 11 12 |
---------------+-------------------------------------+-----
Unarmed Combat | 1 2 3 5 6 9 10 11 12 | 12.3
Fighting       | 4 6 7 10 | 10.2
Armour         | 4 0 |  0.0
Shields        | 4 9 |  9.1
Throwing       | 6 |  6.6
Dodging        | |  3.2
Stealth        | |  2.1

Action                   |  1- 3 |  4- 6 |  7- 9 | 10-12 || total
-------------------------+-------+-------+-------+-------++-------
Melee: Unarmed           |    83 |   110 |   283 |   698 ||  1174
       Punch             |       |     3 |     7 |       ||    10
Throw: Tomahawk          |       |       |       |     1 ||     1
       Javelin           |       |       |       |     4 ||     4
Invok: Sacrifice Artific |       |       |     1 |       ||     1
       Sacrifice Love    |       |       |     1 |       ||     1
       Sacrifice Purity  |       |       |       |     1 ||     1
       Apocalypse        |       |       |       |     4 ||     4
       Power Leap        |       |       |       |     4 ||     4
       Draw Out Power    |       |       |       |     1 ||     1
       Sacrifice Arcana  |       |       |       |     1 ||     1
       Sacrifice Durabil |       |       |       |     1 ||     1
       Sacrifice Essence |       |       |       |     1 ||     1
  Use: Potion            |       |     5 |       |    12 ||    17
       Scroll            |       |     1 |     4 |     3 ||     8
 Stab: Sleeping          |     3 |     6 |     5 |     4 ||    18
       Distracted        |       |       |     1 |     4 ||     5
       Invisible         |       |       |       |     5 ||     5
       Paralysed         |       |       |       |     6 ||     6
  Eat: Chunk             |    18 |    10 |    37 |    71 ||   136
Armor: Robe              |    28 |    24 |    53 |   103 ||   208
       Swamp dragon scal |       |       |       |    14 ||    14
Dodge: Dodged            |    68 |    60 |   119 |   175 ||   422
Block: Large shield      |       |       |    44 |   567 ||   611
